[Event "Titled Tuesday Blitz November 01 Early 2022"]
[White "Amgalantengis, Enkh-Amgalan"]
[Black "Mekhitarian, Krikor Sevag"]
[WhiteFideId "4903536"]
[BlackFideId "2107660"]
[WhiteElo "1772"]
[BlackElo "2614"]
[Result "1-0"]
[Round "07"]
[TimeControl "180+1"]
[Date "2022.11.02"]
[WhiteClock "0:00:23"]
[BlackClock "0:00:05"]

1. d4 Nf6 2. c4 g6 3. Nc3 d5 4. Nf3 Bg7 5. Bg5 dxc4 6. e3 Be6 7. Ne5 Nd5 8. Nxc4 c5 9. Be2 Nc6 10. O-O cxd4 11. exd4 Nxd4 12. Qa4+ Bd7 13. Qd1 Nxc3 14. bxc3 Nxe2+ 15. Qxe2 Be6 16. Rad1 Qc7 17. Ne3 O-O 18. c4 Rfe8 19. Nd5 Bxd5 20. cxd5 Qd7 21. Rfe1 Bf6 22. Bxf6 exf6 23. Qd3 Rxe1+ 24. Rxe1 Rd8 25. Rd1 Qd6 26. g3 Kg7 27. Qd4 b6 28. h4 Qe5 29. Qd2 Rd6 30. Qd3 h6 31. Kg2 f5 32. Qc4 Qe4+ 33. Qxe4 fxe4 34. f3 exf3+ 35. Kxf3 Kf6 36. Ke4 Ke7 37. Ke5 f6+ 38. Kd4 h5 39. Rc1 Kd8 40. a4 Kd7 41. Rc3 Ke7 42. Rc7+ Rd7 43. Rc6 Kf7 44. Rc8 g5 45. Rh8 Kg6 46. Ke4 Re7+ 47. Kd4 Re1 48. hxg5 fxg5 49. d6 Kf5 50. Kd5 Kg4 51. Rg8 Rd1+ 52. Ke6 Re1+ 53. Kf6 Rf1+ 54. Ke7 Re1+ 55. Kd8 Re3 56. Kc7 Rxg3 57. d7 Rd3 58. d8=Q Rxd8 59. Rxd8 h4 60. Kb7 h3 61. Rh8 Kg3 62. Kxa7 g4 63. Kxb6 Kf2 64. Rf8+ Kg2 65. a5 h2 66. Rh8 g3 67. a6 h1=Q 68. Rxh1 Kxh1 69. a7 g2 70. a8=Q Kh2 71. Qh8+ Kg3 72. Qg7+ Kh2 73. Qh6+ Kg3 74. Qg5+ Kf2 75. Qf4+ Ke2 76. Qg3 Kf1 77. Qf3+ Kg1 78. Kc5 Kh2 79. Qf2 Kh1 80. Qh4+ Kg1 81. Kd4 1-0


[Site "https://www.chess.com"]

[Event "Titled Tuesday Blitz November 01 Early 2022"]
[White "Arabidze, Meri"]
[Black "Durarbayli, Vasif"]
[WhiteFideId "13604040"]
[BlackFideId "13402935"]
[WhiteElo "2403"]
[BlackElo "2586"]
[Result "0-1"]
[Round "07"]
[TimeControl "180+1"]
[Date "2022.11.02"]
[WhiteClock "0:00:05"]
[BlackClock "0:00:20"]

1. Nf3 Nf6 2. g3 b6 3. Bg2 Bb7 4. O-O c5 5. c4 e6 6. d4 cxd4 7. Qxd4 Be7 8. Nc3 d6 9. Rd1 a6 10. b3 Nbd7 11. Bb2 Qc7 12. e4 Rc8 13. h3 O-O 14. Qe3 Rfe8 15. Nd4 Bf8 16. Re1 Qb8 17. Rad1 g6 18. g4 Bg7 19. g5 Nh5 20. Nde2 d5 21. Na4 b5 22. Bxg7 Nxg7 23. cxb5 axb5 24. Nac3 b4 25. Na4 Rc2 26. Nd4 Rxa2 27. exd5 Bxd5 28. Nc6 Bxc6 29. Bxc6 Nf5 30. Qe4 Re7 31. Rxd7 Rxd7 32. Bxd7 Qa7 33. Re2 Ra1+ 34. Kg2 Qxd7 35. Qe5 Qb7+ 36. Qe4 Qe7 37. h4 Rd1 0-1


[Site "https://www.chess.com"]

[Event "Titled Tuesday Blitz November 01 Early 2022"]
[White "Aung Thant Zin"]
[Black "Celestino, Rafael Teixeira"]
[WhiteFideId "13000063"]
[BlackFideId "2108925"]
[WhiteElo "2278"]
[BlackElo "2452"]
[Result "1-0"]
[Round "07"]
[TimeControl "180+1"]
[Date "2022.11.02"]
[WhiteClock "0:01:12"]
[BlackClock "0:00:17"]

1. c4 e5 2. Nc3 Nf6 3. Nf3 Nc6 4. e3 d5 5. cxd5 Nxd5 6. Bb5 Bg4 7. Qa4 Nxc3 8. Bxc6+ bxc6 9. Qxg4 Nd5 10. Nxe5 Nf6 11. Qc4 Qd5 12. Qxc6+ Qxc6 13. Nxc6 Bd6 14. O-O O-O 15. d4 a5 16. e4 Nxe4 17. Be3 f6 18. Rac1 Ra6 19. f3 Ng5 20. Bxg5 fxg5 21. Rfe1 Kf7 22. d5 Bf4 23. Re7+ Kf6 24. Rce1 Rb6 25. R1e6+ Kf5 26. g4# 1-0


[Site "https://www.chess.com"]

[Event "Titled Tuesday Blitz November 01 Early 2022"]
[White "Balkum, Alexander"]
[Black "Reprintsev, Alexander"]
[WhiteFideId "2005069"]
[BlackFideId "14100541"]
[WhiteElo "2322"]
[BlackElo "2230"]
[Result "1-0"]
[Round "07"]
[TimeControl "180+1"]
[Date "2022.11.02"]
[WhiteClock "0:00:51"]
[BlackClock "0:00:04"]

1. e4 d5 2. exd5 Qxd5 3. Nc3 Qa5 4. d4 Nf6 5. Nf3 Nc6 6. Bb5 Ne4 7. Bxc6+ bxc6 8. O-O Nxc3 9. bxc3 Bf5 10. Bd2 e6 11. Ne5 Qa4 12. Qf3 Bd6 13. Qxc6+ Qxc6 14. Nxc6 Bxc2 15. c4 Bg6 16. c5 1-0


[Site "https://www.chess.com"]

[Event "Titled Tuesday Blitz November 01 Early 2022"]
[White "Barria Zuniga, Daniel"]
[Black "Kanyamarala, Tarun"]
[WhiteFideId "3400816"]
[BlackFideId "45004714"]
[WhiteElo "2414"]
[BlackElo "2307"]
[Result "1-0"]
[Round "07"]
[TimeControl "180+1"]
[Date "2022.11.02"]
[WhiteClock "0:01:46"]
[BlackClock "0:01:11"]

1. c4 f5 2. g3 Nf6 3. Bg2 g6 4. Nf3 Bg7 5. O-O O-O 6. d4 d6 7. b4 a5 8. b5 e5 9. e3 e4 10. Nfd2 c6 11. a4 Be6 12. Ba3 Re8 13. Nc3 Bf7 14. Rb1 Bf8 15. f3 exf3 16. Qxf3 Bh6 17. Rfe1 Ng4 18. Nf1 Bxc4 19. e4 Bxf1 20. Bxf1 Bd2 21. Bc4+ Kg7 22. Re2 Bxc3 23. Qxc3 d5 24. exd5 Rxe2 25. Bxe2 cxd5 26. Bxg4 fxg4 27. Re1 Nd7 28. Re7+ Kg8 29. Qe3 Nf6 30. Qe6+ 1-0


[Site "https://www.chess.com"]

[Event "Titled Tuesday Blitz November 01 Early 2022"]
[White "Bashirli, Saadat"]
[Black "Fathy, Elameir"]
[WhiteFideId "13429990"]
[BlackFideId "10600396"]
[WhiteElo "1408"]
[BlackElo "2311"]
[Result "0-1"]
[Round "07"]
[TimeControl "180+1"]
[Date "2022.11.02"]
[WhiteClock "0:00:47"]
[BlackClock "0:00:11"]

1. d4 d5 2. Bg5 f6 3. Bf4 Nc6 4. Nf3 Bf5 5. e3 e6 6. c4 h5 7. h3 g5 8. Bg3 h4 9. Bh2 Bd6 10. Bxd6 Qxd6 11. c5 Qe7 12. Nc3 Nh6 13. Rc1 Nf7 14. Bb5 g4 15. hxg4 Bxg4 16. Be2 f5 17. a3 Ng5 18. Nxg5 Qxg5 19. Bxg4 fxg4 20. b4 g3 21. Qe2 Nxd4 22. exd4 Qxc1+ 23. Nd1 O-O-O 24. Qxe6+ Kb8 25. O-O h3 26. fxg3 hxg2 27. Kxg2 Qc2+ 28. Nf2 Rhg8 29. Re1 Rdf8 30. Qe3 a6 31. Re2 Qg6 32. Nh3 Re8 0-1


[Site "https://www.chess.com"]

[Event "Titled Tuesday Blitz November 01 Early 2022"]
[White "Beerdsen, Thomas"]
[Black "Belozerov, Andrei"]
[WhiteFideId "1030108"]
[BlackFideId "4120213"]
[WhiteElo "2567"]
[BlackElo "2360"]
[Result "0-1"]
[Round "07"]
[TimeControl "180+1"]
[Date "2022.11.01"]
[WhiteClock "0:00:55"]
[BlackClock "0:00:17"]

1. e4 c6 2. d4 d5 3. f3 e6 4. Nc3 Bb4 5. Bd3 dxe4 6. fxe4 Qxd4 7. Bd2 Bc5 8. Qe2 Nf6 9. Nf3 Qd8 10. e5 Nd5 11. Ne4 Be7 12. O-O-O b5 13. Kb1 Na6 14. h4 Nc5 15. Bg5 Nxe4 16. Bxe4 h6 17. Bxe7 Qxe7 18. Nd4 Bb7 19. Qg4 O-O-O 20. Qg3 a6 21. Rc1 c5 22. Ne2 Kb8 23. c4 Nb4 24. Bxb7 Qxb7 25. Nc3 bxc4 26. Ka1 Rd2 27. Qxg7 Rhd8 28. Na4 Nxa2 29. Kxa2 Qb3+ 30. Kb1 Qxa4 31. Qxh6 Qb3 0-1


[Site "https://www.chess.com"]

[Event "Titled Tuesday Blitz November 01 Early 2022"]
[White "Begunov, Konstantin"]
[Black "Sovetbekova, Nurai"]
[WhiteFideId "4118510"]
[BlackFideId "13801910"]
[WhiteElo "2225"]
[BlackElo "1925"]
[Result "1-0"]
[Round "07"]
[TimeControl "180+1"]
[Date "2022.11.02"]
[WhiteClock "0:00:27"]
[BlackClock "0:00:27"]

1. d4 Nf6 2. c4 g6 3. f3 d5 4. cxd5 Nxd5 5. e4 Nb6 6. Nc3 Bg7 7. Be3 c5 8. dxc5 Qxd1+ 9. Rxd1 N6d7 10. Nd5 Kd8 11. Bf4 e5 12. Be3 Na6 13. Bxa6 bxa6 14. c6 Nf8 15. Nb6+ Kc7 16. Nxa8+ Kb8 17. Rd8 Ne6 18. Rxh8 Bxh8 19. Ne2 Kxa8 20. Kd2 Kb8 21. Rc1 Kc7 22. Bxa7 f5 23. b4 fxe4 24. fxe4 Ng5 25. Ng3 h5 26. Be3 Ne6 27. Ne2 Nd4 28. Nxd4 exd4 29. Bf4+ Kb6 30. a4 Bf6 31. Kd3 g5 32. Bd6 g4 33. Rc5 h4 34. a5+ Ka7 35. Rh5 h3 36. Rh7+ Ka8 37. gxh3 gxh3 38. e5 Bf5+ 39. Kxd4 Bxh7 40. exf6 Bg6 41. Ke5 Bf7 42. Kf5 Ka7 43. Kg5 Bd5 44. Kh6 Bf7 45. Kg7 Be8 46. f7 Bxf7 47. Kxf7 Ka8 48. Kf6 Ka7 49. Kg5 Ka8 50. Kg4 Ka7 51. Kxh3 Ka8 52. Kg4 Ka7 53. h4 Ka8 54. h5 Ka7 55. h6 Ka8 56. h7 Ka7 57. Kf5 Ka8 58. h8=Q+ Ka7 59. Qg7+ Ka8 60. Qb7# 1-0


[Site "https://www.chess.com"]

[Event "Titled Tuesday Blitz November 01 Early 2022"]
[White "Besedes, Danilo"]
[Black "Matinian, Nikita"]
[WhiteFideId "946796"]
[BlackFideId "24129100"]
[WhiteElo "2352"]
[BlackElo "2422"]
[Result "0-1"]
[Round "07"]
[TimeControl "180+1"]
[Date "2022.11.02"]
[WhiteClock "0:00:10"]
[BlackClock "0:00:10"]

1. Nf3 Nf6 2. d4 g6 3. Bf4 Bg7 4. e3 O-O 5. h3 d6 6. Be2 b6 7. O-O Bb7 8. a4 a6 9. c4 Nbd7 10. Nc3 Ne4 11. Nxe4 Bxe4 12. a5 e5 13. Bg5 f6 14. Bh4 Qe8 15. axb6 cxb6 16. Bg3 a5 17. Qb3 Kh8 18. Rfd1 f5 19. Ng5 Bb7 20. d5 f4 21. Bh2 fxe3 22. Qxe3 Bh6 23. Bg3 Nc5 24. Nf7+ Qxf7 25. Qxh6 Qg7 26. Qe3 a4 27. Rf1 Rae8 28. Rae1 g5 29. Kh2 Bc8 30. Bg4 Bxg4 31. hxg4 Rf6 32. Rh1 Ref8 33. Kg1 h6 34. f3 Kg8 35. Qc3 Qg6 36. Re3 R8f7 37. Qb4 Kg7 38. Qxb6 Rb7 39. Qc6 Rxb2 40. Bxe5 dxe5 41. Qxc5 Qc2 42. Qe7+ Kg8 43. Qe8+ Kg7 44. Qe7+ Kg8 45. Qe8+ Rf8 46. Qg6+ Qxg6 0-1


[Site "https://www.chess.com"]

[Event "Titled Tuesday Blitz November 01 Early 2022"]
[White "Bilan, Danila"]
[Black "Goh, Zi Han"]
[WhiteFideId "24161918"]
[BlackFideId "5819156"]
[WhiteElo "2203"]
[BlackElo "2026"]
[Result "1-0"]
[Round "07"]
[TimeControl "180+1"]
[Date "2022.11.02"]
[WhiteClock "0:00:09"]
[BlackClock "0:00:05"]

1. d4 Nf6 2. Nf3 d5 3. c4 c6 4. Nc3 e6 5. Bg5 Nbd7 6. cxd5 exd5 7. e3 Be7 8. Bd3 O-O 9. Qc2 Re8 10. O-O Nf8 11. Rab1 a5 12. a3 Be6 13. b4 axb4 14. axb4 Ra3 15. b5 Qa5 16. Rfc1 Rc8 17. Qb2 cxb5 18. Nxb5 Rxc1+ 19. Qxc1 Rxd3 20. Ne5 Rd2 21. Nc3 Ra2 22. Nxa2 Qxa2 23. Rxb7 Ba3 24. Qb1 Qxb1+ 25. Rxb1 Ne4 26. Bf4 f6 27. Nf3 g5 28. Bc7 Be7 29. h3 Kf7 30. Rb7 Nd7 31. Ne1 h5 32. Nd3 Bd6 33. Ba5 g4 34. hxg4 hxg4 35. Bb4 Bxb4 36. Nxb4 Kg6 37. Nd3 Nf8 38. Rb6 Bf7 39. Nf4+ Kg7 40. Rb5 Nd6 41. Rb6 Nc4 42. Rb7 Nd6 43. Ra7 Nc4 44. Nxd5 Kg6 45. Nf4+ Kg7 46. Nh5+ Kg8 47. Nxf6+ Kg7 48. Nxg4 Ne6 49. Ne5 Nd6 50. Nxf7 Nxf7 51. f3 Kf6 52. Kf2 Neg5 53. Ra6+ Ke7 54. g4 Kf8 55. Kg3 Kg7 56. e4 Nh7 57. e5 Nf8 58. f4 Ng6 59. d5 Ngxe5 60. fxe5 Nxe5 61. Kf4 Nf7 62. Ra7 Kf8 63. Rxf7+ Kxf7 64. Ke5 Kg6 65. d6 Kg5 66. d7 Kxg4 67. d8=Q Kh5 68. Qg8 Kh6 69. Kf4 1-0


[Site "https://www.chess.com"]

[Event "Titled Tuesday Blitz November 01 Early 2022"]
[White "Bluebaum, Matthias"]
[Black "Orozbaev, Eldiar"]
[WhiteFideId "24651516"]
[BlackFideId "13802240"]
[WhiteElo "2633"]
[BlackElo "2244"]
[Result "0-1"]
[Round "07"]
[TimeControl "180+1"]
[Date "2022.11.01"]
[WhiteClock "0:00:44"]
[BlackClock "0:01:38"]

1. d4 Nf6 2. c4 e6 3. Nc3 d5 4. cxd5 exd5 5. Bg5 Be7 6. e3 O-O 7. Bd3 c6 8. h3 Re8 9. Qc2 h6 10. Bf4 b6 11. Nf3 Na6 12. a3 Bb7 13. O-O Nc7 14. Rac1 Ne6 15. Bh2 Rc8 16. b4 Bd6 17. Ne5 Qe7 18. Qb3 Ng5 19. f3 c5 20. bxc5 bxc5 21. Bf5 Rb8 22. Qa4 cxd4 23. exd4 Bxa3 24. Rce1 Qb4 25. Rb1 Qxc3 26. Rb3 Qd2 27. Rxa3 Ba6 28. Nd3 Re2 29. Nf4 Rb2 0-1


[Site "https://www.chess.com"]

[Event "Titled Tuesday Blitz November 01 Early 2022"]
[White "Brueckner, Thomas"]
[Black "Adnan, Habib"]
[WhiteFideId "4600452"]
[BlackFideId "11202270"]
[WhiteElo "2332"]
[BlackElo "2110"]
[Result "0-1"]
[Round "07"]
[TimeControl "180+1"]
[Date "2022.11.02"]
[WhiteClock "0:00:01"]
[BlackClock "0:01:06"]

1. e4 c5 2. Nf3 Nc6 3. d4 cxd4 4. Nxd4 Nf6 5. Nc3 e5 6. Ndb5 d6 7. Bg5 a6 8. Na3 b5 9. Nd5 Be7 10. Bxf6 Bxf6 11. c3 O-O 12. Nc2 Bg5 13. h4 Bh6 14. a4 Rb8 15. axb5 axb5 16. Ncb4 Nxb4 17. Nxb4 Bb7 18. Nd5 b4 19. Bc4 bxc3 20. bxc3 Bxd5 21. Qxd5 Rb2 22. Rd1 Qf6 23. O-O Qxh4 24. g3 Qg4 25. Qxd6 Be3 26. Qxe5 Bxf2+ 27. Rxf2 Qxd1+ 28. Kg2 Rxf2+ 29. Kxf2 Rd8 30. Bxf7+ Kxf7 31. Qf5+ Ke7 32. Qe5+ Kd7 33. Qb5+ Ke6 0-1


[Site "https://www.chess.com"]

[Event "Titled Tuesday Blitz November 01 Early 2022"]
[White "Cabezas Solano, David Alejandro"]
[Black "Aizpurua, Patrick Emilio"]
[WhiteFideId "6507522"]
[BlackFideId "6600522"]
[WhiteElo "2035"]
[BlackElo "2378"]
[Result "1-0"]
[Round "07"]
[TimeControl "180+1"]
[Date "2022.11.02"]
[WhiteClock "0:00:01"]
[BlackClock "0:00:05"]

1. d4 Nf6 2. Nf3 d6 3. c4 Nbd7 4. g3 c6 5. Bg2 Qc7 6. Nc3 g6 7. O-O Bg7 8. e4 e5 9. Qc2 O-O 10. h3 a5 11. Be3 Re8 12. Rad1 h6 13. Rfe1 Kh7 14. c5 dxc5 15. dxe5 Nxe5 16. Nxe5 Qxe5 17. f4 Qe7 18. e5 Ng8 19. Ne4 b6 20. Nd6 Rd8 21. Bxc6 Rb8 22. h4 h5 23. Bf3 Kh8 24. Nxf7+ Qxf7 25. Rxd8 Bf5 26. Qd2 Rxd8 27. Qxd8 Kh7 28. Rd1 Ne7 29. b3 Bg4 30. Bxg4 hxg4 31. Rd7 Bf8 32. f5 Qxf5 33. Rxe7+ Bxe7 34. Qxe7+ Kg8 35. Qd8+ Kh7 36. Qf6 Qb1+ 37. Qf1 Qe4 38. Qf7+ Kh8 39. Qe8+ Kh7 40. Qd7+ Kh8 41. Qd8+ Kh7 42. Qc7+ Kh8 43. Qc8+ Kh7 44. Qd7+ Kh8 45. Qd2 Qxe5 46. Bf4 Qe4 47. Qd8+ Kg7 48. Qc7+ Kg8 49. Qc8+ 1-0


[Site "https://www.chess.com"]

[Event "Titled Tuesday Blitz November 01 Early 2022"]
[White "Chan, Kim Yew"]
[Black "Silva Lucena, Cristian"]
[WhiteFideId "5717981"]
[BlackFideId "2232588"]
[WhiteElo "2206"]
[BlackElo "2223"]
[Result "1-0"]
[Round "07"]
[TimeControl "180+1"]
[Date "2022.11.02"]
[WhiteClock "0:00:02"]
[BlackClock "0:00:03"]

1. d4 Nf6 2. Bg5 d5 3. e3 c5 4. Bxf6 gxf6 5. dxc5 Qa5+ 6. Nd2 Qxc5 7. Ngf3 Nc6 8. c4 d4 9. exd4 Nxd4 10. Be2 Rg8 11. Nxd4 Qxd4 12. O-O Bh6 13. Nf3 Qg4 14. g3 Qd7 15. Qb3 Qc7 16. Rfd1 Bg4 17. Qb5+ Kf8 18. Nd4 Bxe2 19. Nxe2 Rc8 20. b3 a6 21. Qf5 Rg5 22. Qxh7 Bg7 23. Nf4 Qxf4 24. Qd3 Qc7 25. Qe4 Re5 26. Qg4 Kg8 27. Rd7 Qc6 28. Rad1 Rg5 29. Rd8+ Rxd8 30. Rxd8+ Bf8 31. Qh4 Qc7 32. Ra8 Qe5 33. Qh6 Qe1+ 34. Kg2 Qe4+ 35. Kg1 Qb1+ 36. Kg2 Rg7 37. Qf4 Qd3 38. Rxf8+ Kxf8 39. Qb8+ 1-0


[Site "https://www.chess.com"]

[Event "Titled Tuesday Blitz November 01 Early 2022"]
[White "Chernobay, Artem"]
[Black "Myshakov, Fyodor"]
[WhiteFideId "4167406"]
[BlackFideId "14111284"]
[WhiteElo "2473"]
[BlackElo "2310"]
[Result "1-0"]
[Round "07"]
[TimeControl "180+1"]
[Date "2022.11.02"]
[WhiteClock "0:00:33"]
[BlackClock "0:00:02"]

1. e4 c6 2. d4 d5 3. Nd2 dxe4 4. Nxe4 Bf5 5. Ng3 Bg6 6. h4 h6 7. Nf3 Nd7 8. h5 Bh7 9. Bd3 Bxd3 10. Qxd3 e6 11. Bd2 Qc7 12. O-O-O Ngf6 13. Ne4 O-O-O 14. c4 Nc5 15. Nxc5 Bxc5 16. Bc3 Bd6 17. Kb1 Rhe8 18. Qc2 c5 19. d5 e5 20. Rde1 Re7 21. Qf5+ Qd7 22. Qxd7+ Nxd7 23. Nh4 Ree8 24. Nf5 Bf8 25. Re2 a6 26. Rhe1 Nf6 27. Bxe5 Nxh5 28. g4 g6 29. gxh5 gxf5 30. Bf6 Rxe2 31. Rxe2 Rd6 32. Re8+ Kd7 33. Rd8+ Kc7 34. Rxd6 Bxd6 35. Bg7 Bf4 36. Kc2 b5 37. Kd3 b4 38. Bf8 Kb6 39. Ke2 a5 40. Kf3 Bg5 41. Kg3 a4 42. b3 axb3 43. axb3 Bd2 44. f4 Be1+ 45. Kf3 Bh4 46. Bxh6 Bf6 47. Bf8 Kc7 48. h6 Kd7 49. Bxc5 Bc3 50. Bf8 Ke8 51. Bg7 Ke7 52. Ke3 Bf6 53. d6+ Ke6 54. Bxf6 Kxf6 55. h7 Kg6 56. h8=Q 1-0


[Site "https://www.chess.com"]

[Event "Titled Tuesday Blitz November 01 Early 2022"]
[White "Chernomordik, Pavel"]
[Black "Vifleemskaia, Svetlana"]
[WhiteFideId "2804530"]
[BlackFideId "4129490"]
[WhiteElo "2217"]
[BlackElo "1929"]
[Result "1-0"]
[Round "07"]
[TimeControl "180+1"]
[Date "2022.11.02"]
[WhiteClock "0:00:31"]
[BlackClock "0:00:03"]

1. e4 e5 2. Nf3 Nc6 3. Bb5 a6 4. Ba4 Nf6 5. Qe2 b5 6. Bb3 Bc5 7. a4 Rb8 8. axb5 axb5 9. d3 O-O 10. Bg5 h6 11. Bh4 Nd4 12. Nxd4 Bxd4 13. c3 Bc5 14. Nd2 Be7 15. O-O d6 16. h3 Nh7 17. Bxe7 Qxe7 18. Ra7 Rb7 19. Rfa1 Qd7 20. d4 c6 21. Ra8 Qc7 22. Nf3 Nf6 23. dxe5 dxe5 24. Qe3 c5 25. Rd1 Rb6 26. Bd5 Bb7 27. Rxf8+ Kxf8 28. Bxb7 Rxb7 29. Ra1 Kg8 30. Ra8+ Kh7 31. Nh4 g6 32. g4 Qd6 33. Nf3 Nd7 34. h4 Qe6 35. Nh2 Kg7 36. f3 Nf6 37. Nf1 Qd6 38. Ng3 b4 39. c4 Qd4 40. Kf2 Rd7 41. Ne2 Qxe3+ 42. Kxe3 Ne8 43. Rxe8 1-0


[Site "https://www.chess.com"]

[Event "Titled Tuesday Blitz November 01 Early 2022"]
[White "Chernov, Mikhail"]
[Black "Lohani, Sujana"]
[WhiteFideId "24143170"]
[BlackFideId "12311987"]
[WhiteElo "2113"]
[BlackElo "1691"]
[Result "1-0"]
[Round "07"]
[TimeControl "180+1"]
[Date "2022.11.02"]
[WhiteClock "0:01:39"]
[BlackClock "0:00:01"]

1. e4 g6 2. d4 Bg7 3. Nc3 d6 4. Be3 e5 5. Nge2 Nc6 6. Qd2 exd4 7. Nxd4 Be6 8. Nxe6 fxe6 9. O-O-O Qf6 10. Bb5 Ne7 11. Bg5 Qe5 12. Bxe7 Kxe7 13. f4 Qc5 14. e5 Na5 15. Rhe1 d5 16. g4 a6 17. Bd3 b5 18. f5 exf5 19. gxf5 Kd8 20. f6 Bf8 21. e6 Bd6 22. e7+ Ke8 23. Nxd5 1-0


[Site "https://www.chess.com"]

[Event "Titled Tuesday Blitz November 01 Early 2022"]
[White "Clawitter, Craig"]
[Black "Najdin, Danil"]
[WhiteFideId "2023105"]
[BlackFideId "4172426"]
[WhiteElo "2295"]
[BlackElo "2240"]
[Result "0-1"]
[Round "07"]
[TimeControl "180+1"]
[Date "2022.11.02"]
[WhiteClock "0:00:01"]
[BlackClock "0:00:49"]

1. e4 g6 2. d4 c6 3. Nc3 d5 4. Be3 Bg7 5. Qd2 Nf6 6. Bh6 O-O 7. e5 Ne4 8. Nxe4 dxe4 9. O-O-O c5 10. Bxg7 Kxg7 11. dxc5 Qc7 12. Qc3 Be6 13. Ne2 Nc6 14. Nf4 Qxe5 15. Nxe6+ fxe6 16. Qxe5+ Nxe5 17. Rd2 Ng4 18. Rd7 Rxf2 19. Rxb7 Rd8 20. Rxe7+ Kf6 21. Rxa7 Rdd2 22. Rb7 Ne3 23. Ba6 Rxc2+ 24. Kb1 Nxg2 25. Rc1 Ne3 26. c6 Rxc1+ 27. Kxc1 Rc2+ 28. Kb1 Rxc6 29. b4 Rxa6 30. b5 Ra4 31. b6 Nd5 32. Rxh7 Nxb6 0-1


[Site "https://www.chess.com"]

[Event "Titled Tuesday Blitz November 01 Early 2022"]
[White "Csonka, Balazs"]
[Black "Horcajuelo Rocamora, Martin"]
[WhiteFideId "742910"]
[BlackFideId "24573027"]
[WhiteElo "2404"]
[BlackElo "2094"]
[Result "1-0"]
[Round "07"]
[TimeControl "180+1"]
[Date "2022.11.02"]
[WhiteClock "0:01:16"]
[BlackClock "0:02:00"]

1. c4 c5 2. Nf3 Nf6 3. Nc3 d5 4. cxd5 Nxd5 5. e3 Nc6 6. Bb5 Nc7 7. Bxc6+ bxc6 8. Qa4 Bd7 9. Ne5 Nb5 10. O-O e6 11. Qe4 Qc7 12. Nxb5 Qb8 13. Na3 Bd6 14. Nac4 Bc7 15. h3 f5 16. Nxd7 Kxd7 17. Qd3+ Ke7 18. b3 Rd8 19. Qe2 Kf7 20. Bb2 e5 21. Qh5+ 1-0


[Site "https://www.chess.com"]

[Event "Titled Tuesday Blitz November 01 Early 2022"]
[White "D`Arruda, Ricardo D."]
[Black "Budrewicz, Krzysztof"]
[WhiteFideId "100692"]
[BlackFideId "1127950"]
[WhiteElo "2478"]
[BlackElo "2171"]
[Result "1-0"]
[Round "07"]
[TimeControl "180+1"]
[Date "2022.11.02"]
[WhiteClock "0:01:08"]
[BlackClock "0:00:32"]

1. d4 g6 2. e4 Bg7 3. Nc3 d6 4. Nf3 a6 5. Bg5 b5 6. Bd3 Nd7 7. Qd2 h6 8. Bh4 Bb7 9. O-O-O Ngf6 10. e5 Nd5 11. e6 Nf8 12. exf7+ Kxf7 13. Rhe1 Bf6 14. Bxf6 exf6 15. Nxd5 Bxd5 16. Qf4 Bxf3 17. Qxf3 Rg8 18. Re3 Ra7 19. Rde1 c5 20. Qd5+ Kg7 21. dxc5 Rd7 22. c6 Rf7 23. c4 f5 24. cxb5 axb5 25. Bxb5 f4 26. Re8 Qg5 27. Qxg5 hxg5 28. Bc4 Rc7 29. Bxg8 Rxc6+ 30. Kd2 Kxg8 31. Rc1 1-0


[Site "https://www.chess.com"]

[Event "Titled Tuesday Blitz November 01 Early 2022"]
[White "De Souza, Cristiano Gomes"]
[Black "Goroshkov, Maksym"]
[WhiteFideId "2151758"]
[BlackFideId "14142716"]
[WhiteElo "2068"]
[BlackElo "2257"]
[Result "0-1"]
[Round "07"]
[TimeControl "180+1"]
[Date "2022.11.02"]
[WhiteClock "0:01:37"]
[BlackClock "0:01:59"]

1. d4 Nf6 2. c4 e5 3. dxe5 Ng4 4. Bf4 Nc6 5. Nf3 Bb4+ 6. Nbd2 Qe7 7. e3 Ngxe5 8. Nxe5 Nxe5 9. Be2 Bxd2+ 10. Qxd2 d6 11. Qc3 b6 12. c5 bxc5 13. Bb5+ Bd7 14. Bxd7+ Kxd7 15. Rd1 f6 16. O-O Qe6 17. Qxc5 Rhb8 18. b3 Rb7 19. Bxe5 Qxe5 20. Qxe5 fxe5 21. Rd2 a5 22. Rc1 a4 23. bxa4 Rxa4 24. Rdc2 Rba7 25. Kf1 Rxa2 26. f4 Rxc2 27. Rxc2 exf4 28. exf4 c5 29. Ke2 Ra3 30. g4 Kc6 31. Kf2 d5 32. h4 d4 33. h5 Kd5 34. Re2 Ra7 35. Re8 c4 36. Rd8+ Ke4 37. Kg3 d3 38. Re8+ Kd4 39. g5 c3 40. Rd8+ Ke3 41. Re8+ Kd2 42. f5 c2 43. Rc8 c1=Q 44. Rxc1 Kxc1 0-1


[Site "https://www.chess.com"]

[Event "Titled Tuesday Blitz November 01 Early 2022"]
[White "Deac, Bogdan-Daniel"]
[Black "Sarana, Alexey"]
[WhiteFideId "1226380"]
[BlackFideId "24133795"]
[WhiteElo "2648"]
[BlackElo "2689"]
[Result "0-1"]
[Round "07"]
[TimeControl "180+1"]
[Date "2022.11.01"]
[WhiteClock "0:00:08"]
[BlackClock "0:01:19"]

1. d4 Nf6 2. c4 e6 3. Nf3 d5 4. Nc3 Nbd7 5. e3 a6 6. b3 b6 7. Bb2 Bb7 8. cxd5 exd5 9. g3 Bd6 10. Bg2 O-O 11. O-O Re8 12. Rc1 Rc8 13. Ne2 Qe7 14. Nf4 Ne4 15. h4 h6 16. Re1 Rcd8 17. Bh3 g5 18. Nd3 f6 19. Bf5 Nf8 20. hxg5 hxg5 21. Nh2 Bc8 22. Bxc8 Rxc8 23. Qh5 Qh7 24. Qxh7+ Kxh7 25. Kg2 Kg6 26. g4 Ne6 27. Nf1 Rh8 28. Rcd1 Rh4 29. f3 Rch8 30. fxe4 Rxg4+ 31. Kf3 dxe4+ 32. Ke2 exd3+ 33. Kxd3 Rh3 34. Kc2 f5 35. Rd2 Re4 36. Rde2 Bb4 37. Nd2 Bxd2 38. Kxd2 g4 0-1


[Site "https://www.chess.com"]

[Event "Titled Tuesday Blitz November 01 Early 2022"]
[White "Deev, Andrei"]
[Black "Buscar, Michael"]
[WhiteFideId "4102690"]
[BlackFideId "2603616"]
[WhiteElo "2328"]
[BlackElo "2010"]
[Result "0-1"]
[Round "07"]
[TimeControl "180+1"]
[Date "2022.11.02"]
[WhiteClock "0:00:00"]
[BlackClock "0:00:11"]

1. e4 c5 2. Nf3 Nc6 3. c3 Nf6 4. e5 Nd5 5. d4 cxd4 6. cxd4 d6 7. Nc3 e6 8. Bd2 Be7 9. Bd3 Nxc3 10. Bxc3 Bd7 11. O-O Qb6 12. Qe2 Nb4 13. Bxb4 Qxb4 14. d5 O-O 15. a3 Qg4 16. dxe6 Bxe6 17. Qe4 Qxe4 18. Bxe4 dxe5 19. Nxe5 Bf6 20. Nd3 Bc4 21. Rfd1 Rad8 22. Rac1 b5 23. b4 Rd4 24. Nc5 Rfd8 25. Rxd4 Bxd4 26. Rb1 g6 27. g3 f5 28. Bc6 Bc3 29. a4 Ba2 30. Rc1 Bxb4 31. axb5 Rd2 32. Nd7 Kg7 33. Ne5 Ba5 34. Nf3 Rb2 35. Nd4 Bb6 36. Rd1 Bb3 37. Rd3 Bc4 38. Rd1 Bxd4 39. Rxd4 Bxb5 40. Bxb5 Rxb5 41. Rd7+ Kh6 42. Rxa7 Rb1+ 43. Kg2 Rb2 44. Rc7 Rb3 45. Rd7 Rb8 46. Re7 Rh8 47. Rd7 Kg5 48. h4+ Kf6 49. f3 h6 50. Kh3 Re8 51. Rd6+ Kf7 52. g4 f4 53. g5 h5 54. Rf6+ Kg7 55. Rxf4 Re1 56. Re4 Rh1+ 57. Kg3 Rg1+ 58. Kf2 Rh1 59. Kg2 Ra1 60. Re7+ Kg8 61. Rb7 Ra4 62. Kg3 Rc4 63. Rb6 Kg7 64. Re6 Rd4 65. Re4 Rd3 66. Kf4 Rd1 67. Ke5 Kf7 68. Rf4+ Kg7 69. Re4 Rf1 70. Rf4 Re1+ 71. Re4 Rh1 72. Rf4 Re1+ 73. Re4 Ra1 0-1


[Site "https://www.chess.com"]